Map: Disco Bloodbath LE

Players

TLO - Winner!

  • Race: Zerg Zerg
  • Spawn Location: 9:00

Has

  • Race: Protoss Protoss
  • Spawn Location: 3:00

VOD

https://www.youtube.com/watch?v=G_hkF1yl6NA

Description

Time

  • Played on: Sept. 6, 2019, 8:10 p.m.
  • Length: 4:17
Show
View Real Time Build Order
Export as new Build Order

TLO Zerg - Winner!

Build Orders: Hatch First 

Get SALT Encoding   

  12  0:00  Drone  
  13  0:12  Overlord  
  13  0:16  Drone  
  14  0:30  Drone x2  
  16  0:48  Hatchery  
  15  0:51  Drone  
  15  0:55  Drone  
  17  1:09  Spawning Pool  
  16  1:12  Drone  
  16  1:15  Drone  
  16  1:18  Extractor  
  17  1:21  Drone  
  18  1:28  Drone  
  19  1:40  Drone  
  20  1:56  Queen  
  22  2:01  Roach Warren  
  22  2:02  Extractor  
  22  2:03  Drone x2  
  22  2:07  Drone  
  23  2:23  Overlord  
  23  2:28  Overlord  
  23  2:29  Drone  
  24  2:41  Roach  
  24  2:42  Roach  
  30  2:44  Roach  
  30  2:49  Roach  
  32  2:54  Roach  
  34  3:03  Ravager  
  34  3:05  Ravager  
  36  3:07  Queen  
  36  3:11  Ravager  
  39  3:24  Ravager  
  39  3:25  Zergling x6  
  43  3:30  Overlord  
  43  3:36  Zergling x2  
  44  3:48  Drone  
  41  3:52  Drone  
  41  3:53  Drone x2  
  32  4:04  Drone  
Show
View Real Time Build Order
Export as new Build Order

Has Protoss 

Build Orders: Cannon Rush 

Get SALT Encoding   

  12  0:00  Probe  
  13  0:12  Probe  
  14  0:21  Pylon  
  14  0:24  Probe  
  15  0:35  Probe  
  15  0:41  Gateway  
  16  0:43  Probe  
  17  0:59  Forge  
  17  1:01  Assimilator  
  17  1:03  Probe  
  18  1:15  Probe  
  19  1:21  Pylon  
  19  1:32  Cybernetics Core  
  19  1:43  Photon Cannon  
  19  1:52  Photon Cannon  
  19  1:59  Photon Cannon  
  19  2:03  Photon Cannon  
  19  2:12  Photon Cannon  
  19  2:21  Robotics Facility  
  19  2:25  Shield Battery  
  19  2:32  Photon Cannon  
  19  2:42  Shield Battery  
  19  2:52  Pylon  
  19  2:55  Immortal  
  19  3:10  Shield Battery  
  19  3:11  Shield Battery  
  23  3:17  Shield Battery  
  23  3:23  Pylon  
  23  3:33  Shield Battery  
  23  3:57  Probe  
  19  4:07  Nexus  
Tags
 
Add a new tag
Caveats
  • Supply blocks, unpowered buildings, or Contaminate may cause inaccurate times.
  • Supply counts are checked every 10 seconds.